TOP OF THE 1ST |
Minnesota ManBearPigs batting - Pitching for Reading Rainbows : RHP Matt Barlow
|
Pitching: RHP Matt Barlow
|
|
Batting: RHB Carlos López
|
0-0: Fly out, F8 (Line Drive, 8LS)
|
Batting: SHB Roberto Rivera
|
0-0: Called Strike 0-1: SOLO HOME RUN (Flyball, 89XD), Distance : 405 ft
|
Batting: RHB Luis Maldonado
|
0-0: Foul Ball, location: 2F 0-1: Swinging Strike 0-2: Ground out 4-3 (Groundball, 4)
|
Batting: RHB Ricardo Salazar
|
0-0: Called Strike 0-1: Ball 1-1: Foul Ball, location: 2F 1-2: Ball 2-2: Ball 3-2: Ground out 6-3 (Groundball, 6M)
|
Top of the 1st over - 1 run(s), 1 hit(s), 0 error(s), 0 left on base; Minnesota 1 - Reading 0 |
BOTTOM OF THE 1ST |
Reading Rainbows batting - Pitching for Minnesota ManBearPigs : RHP Mike Horton
|
Pitching: RHP Mike Horton
|
|
Batting: RHB Von Ford
|
0-0: Ball 1-0: Foul Ball, location: 2F 1-1: Ball 2-1: Ball 3-1: Ground out 5-3 (Groundball, 56S)
|
Batting: RHB Juan Magdayao
|
0-0: Foul Ball, location: 2F 0-1: Swinging Strike 0-2: Ball 1-2: Ball 2-2: Foul Ball, location: 2F 2-2: Ball 3-2: Foul Ball, location: 2F 3-2: Foul Ball, location: 2F 3-2: Strikes out swinging
|
Batting: LHB António Salazar
|
0-0: Ball 1-0: SINGLE (Groundball, 4) (infield hit)
|
Batting: RHB Ethan Moore
|
0-0: Ball 1-0: Ball António Salazar steals 2nd base 2-0: DOUBLE (Flyball, 8RD) António Salazar scores
|
Batting: LHB Shane Lynch
|
0-0: Called Strike 0-1: SINGLE (Groundball, 4MD) Ethan Moore to third Runner from 3rd tries for Home, SAFE, no throw
|
Batting: RHB Jeff Townsley
|
0-0: Ball 1-0: Called Strike 1-1: Ball 2-1: Foul Ball, location: 2F 2-2: Ball 3-2: Ground out 6-3 (Groundball, 6)
|
Bottom of the 1st over - 2 run(s), 3 hit(s), 0 error(s), 1 left on base; Minnesota 1 - Reading 2 |
TOP OF THE 2ND |
Minnesota ManBearPigs batting - Pitching for Reading Rainbows : RHP Matt Barlow
|
Batting: RHB Irving Galloway
|
0-0: Swinging Strike 0-1: Fly out, F8 (Line Drive, 8RM)
|
Batting: RHB Jeffrey Hicks
|
0-0: Ball 1-0: Swinging Strike 1-1: Foul Ball, location: 2F 1-2: Strikes out swinging
|
Batting: RHB Ryosei Yamamoto
|
0-0: Bunted foul 0-1: Ground out 6-3 (Groundball, 6)
|
Top of the 2nd over - 0 run(s), 0 hit(s), 0 error(s), 0 left on base; Minnesota 1 - Reading 2 |
BOTTOM OF THE 2ND |
Reading Rainbows batting - Pitching for Minnesota ManBearPigs : RHP Mike Horton
|
Batting: LHB Víctor Peña
|
0-0: Ball 1-0: Ground out 4-3 (Groundball, 4)
|
Batting: SHB Dan Chandler
|
0-0: SINGLE (Line Drive, 34)
|
Batting: RHB Louis Smith
|
0-0: Ball 1-0: Called Strike Dan Chandler steals 2nd base 1-1: Foul Ball, location: 2F 1-2: Foul Ball, location: 2F 1-2: Strikes out looking
|
Batting: RHB Von Ford
|
0-0: Ball 1-0: Ball 2-0: Ball 3-0: Called Strike 3-1: Foul Ball, location: 2F Balk! Dan Chandler to third 3-2: Strikes out swinging
|
Bottom of the 2nd over - 0 run(s), 1 hit(s), 0 error(s), 1 left on base; Minnesota 1 - Reading 2 |
TOP OF THE 3RD |
Minnesota ManBearPigs batting - Pitching for Reading Rainbows : RHP Matt Barlow
|
Batting: RHB Chris Burrell
|
0-0: Foul Ball, location: 2F 0-1: Ball 1-1: Ball 2-1: Ball 3-1: Foul Ball, location: 2F 3-2: Foul Ball, location: 2F 3-2: Foul Ball, location: 2F 3-2: Strikes out swinging
|
Batting: RHB Tom Hicks
|
0-0: Called Strike 0-1: Foul Ball, location: 2F 0-2: Foul Ball, location: 2F 0-2: Ball 1-2: Ball 2-2: Ball 3-2: Base on Balls
|
Batting: RHB Carlos López
|
0-0: Ball Tom Hicks steals 2nd base 1-0: Swinging Strike 1-1: Ball 2-1: Ball 3-1: Ground out 6-3 (Groundball, 6)
|
Batting: SHB Roberto Rivera
|
0-0: Ball 1-0: Called Strike 1-1: Ball 2-1: Called Strike 2-2: Ball 3-2: Base on Balls
|
Batting: RHB Luis Maldonado
|
0-0: Foul Ball, location: 2F 0-1: Ball 1-1: Foul Ball, location: 2F 1-2: Ball 2-2: Foul Ball, location: 2F 2-2: Ball 3-2: Fly out, F9 (Line Drive, 89M)
|
Top of the 3rd over - 0 run(s), 0 hit(s), 0 error(s), 2 left on base; Minnesota 1 - Reading 2 |
BOTTOM OF THE 3RD |
Reading Rainbows batting - Pitching for Minnesota ManBearPigs : RHP Mike Horton
|
Batting: RHB Juan Magdayao
|
0-0: Ground out 6-3 (Groundball, 6)
|
Batting: LHB António Salazar
|
0-0: Ball 1-0: Foul Ball, location: 2F 1-1: Ball 2-1: Ball 3-1: Base on Balls
|
Batting: RHB Ethan Moore
|
0-0: Called Strike 0-1: Ball 1-1: Called Strike António Salazar steals 2nd base 1-2: DOUBLE (Line Drive, 78XD) António Salazar scores
|
Batting: LHB Shane Lynch
|
0-0: Ball 1-0: Ball 2-0: Ground out 4-3 (Groundball, 4) Ethan Moore to third
|
Batting: RHB Jeff Townsley
|
0-0: Foul Ball, location: 2F 0-1: Ball 1-1: Ball 2-1: Fly out, F8 (Flyball, 8RD)
|
Bottom of the 3rd over - 1 run(s), 1 hit(s), 0 error(s), 1 left on base; Minnesota 1 - Reading 3 |
TOP OF THE 4TH |
Minnesota ManBearPigs batting - Pitching for Reading Rainbows : RHP Matt Barlow
|
Batting: RHB Ricardo Salazar
|
0-0: Ball 1-0: Ball 2-0: Foul Ball, location: 2F 2-1: Ball 3-1: Base on Balls
|
Batting: RHB Irving Galloway
|
0-0: Grounds into double play, 5-4-3 (Groundball, 5)
|
Batting: RHB Jeffrey Hicks
|
0-0: Ball 1-0: Ball 2-0: Foul Ball, location: 2F 2-1: SINGLE (Line Drive, 34D)
|
Batting: RHB Ryosei Yamamoto
|
0-0: Ball Jeffrey Hicks is caught stealing 2nd base
|
Top of the 4th over - 0 run(s), 1 hit(s), 0 error(s), 0 left on base; Minnesota 1 - Reading 3 |
BOTTOM OF THE 4TH |
Reading Rainbows batting - Pitching for Minnesota ManBearPigs : RHP Mike Horton
|
Batting: LHB Víctor Peña
|
0-0: Ball 1-0: Swinging Strike 1-1: Swinging Strike 1-2: Ball 2-2: Foul Ball, location: 2F 2-2: Foul Ball, location: 2F 2-2: Ball 3-2: Strikes out swinging
|
Batting: SHB Dan Chandler
|
0-0: Ball 1-0: Swinging Strike 1-1: Bunt for hit - play at first, batter OUT! 1-3
|
Batting: RHB Louis Smith
|
0-0: Called Strike 0-1: Ball 1-1: Called Strike 1-2: Foul Ball, location: 2F 1-2: Ball 2-2: Ball 3-2: Strikes out swinging
|
Bottom of the 4th over - 0 run(s), 0 hit(s), 0 error(s), 0 left on base; Minnesota 1 - Reading 3 |
TOP OF THE 5TH |
Minnesota ManBearPigs batting - Pitching for Reading Rainbows : RHP Matt Barlow
|
Batting: RHB Ryosei Yamamoto
|
0-0: Called Strike 0-1: Ball 1-1: Reached on error, E6 (Groundball, 6M)
|
Batting: RHB Chris Burrell
|
0-0: Called Strike 0-1: Ball 1-1: Reached on error, E6 (Groundball, 56) Ryosei Yamamoto to third
|
Batting: RHB Tom Hicks
|
0-0: SINGLE (Flyball, 8RS) Ryosei Yamamoto scores Chris Burrell to second
|
Batting: RHB Carlos López
|
0-0: Called Strike 0-1: Fly out, F8 (Flyball, 78D)
|
Batting: SHB Roberto Rivera
|
0-0: Called Strike 0-1: SINGLE (Line Drive, 34D) Chris Burrell to third Tom Hicks to second
|
Batting: RHB Luis Maldonado
|
0-0: Ball 1-0: Ball 2-0: Fly out, F9 (Flyball, 89M) Runner from 3rd tags up, SCORES, throw made
|
Batting: RHB Ricardo Salazar
|
0-0: Ball 1-0: Called Strike 1-1: Ground out 1-3 (Groundball, 13)
|
Top of the 5th over - 2 run(s), 2 hit(s), 2 error(s), 2 left on base; Minnesota 3 - Reading 3 |
BOTTOM OF THE 5TH |
Reading Rainbows batting - Pitching for Minnesota ManBearPigs : RHP Mike Horton
|
Batting: RHB Von Ford
|
0-0: Called Strike 0-1: SOLO HOME RUN (Flyball, 7D), Distance : 380 ft
|
Pitching: RHP Brad White
|
|
Batting: RHB Juan Magdayao
|
0-0: Foul Ball, location: 2F 0-1: Ball 1-1: Reached on error, E5 (Groundball, 56)
|
Batting: LHB António Salazar
|
0-0: Intentional Walk
|
Batting: RHB Ethan Moore
|
0-0: Ball 1-0: Called Strike 1-1: Hit by Pitch Juan Magdayao to third António Salazar to second
|
Batting: LHB Shane Lynch
|
0-0: Foul Ball, location: 2F 0-1: Swinging Strike 0-2: Ball 1-2: Strikes out swinging
|
Batting: RHB Jeff Townsley
|
0-0: Called Strike 0-1: Called Strike 0-2: Strikes out swinging
|
Batting: LHB Víctor Peña
|
0-0: Foul Ball, location: 2F 0-1: Ball 1-1: Called Strike 1-2: Ball 2-2: Strikes out swinging
|
Bottom of the 5th over - 1 run(s), 1 hit(s), 1 error(s), 3 left on base; Minnesota 3 - Reading 4 |
TOP OF THE 6TH |
Minnesota ManBearPigs batting - Pitching for Reading Rainbows : RHP Matt Barlow
|
Batting: RHB Irving Galloway
|
0-0: Called Strike 0-1: Ball 1-1: Foul Ball, location: 2F 1-2: SINGLE (Groundball, 6D)
|
Batting: RHB Jeffrey Hicks
|
0-0: Called Strike Irving Galloway steals 2nd base 0-1: SINGLE (Groundball, 34D) Irving Galloway to third Runner from 3rd tries for Home, SAFE, no throw
|
Batting: RHB Ryosei Yamamoto
|
0-0: Called Strike 0-1: Ball Jeffrey Hicks steals 2nd base 1-1: Ball 2-1: Ball 3-1: Fly out, F8 (Flyball, 89M)
|
Batting: RHB Chris Burrell
|
0-0: Foul Ball, location: 2F 0-1: Foul Ball, location: 2F 0-2: Fly out, F8 (Line Drive, 8RD) Runner from 2nd tags up, SAFE at 3rd with throw
|
Pitching: RHP Luis Silva
|
|
Batting: RHB Tom Hicks
|
0-0: Ball 1-0: Ball 2-0: Called Strike 2-1: Ball 3-1: Base on Balls
|
Batting: RHB Carlos López
|
0-0: Ball Pickoff Throw to First - Out!
|
Top of the 6th over - 1 run(s), 2 hit(s), 0 error(s), 0 left on base; Minnesota 4 - Reading 4 |
BOTTOM OF THE 6TH |
Reading Rainbows batting - Pitching for Minnesota ManBearPigs : RHP Brad White
|
Batting: SHB Dan Chandler
|
0-0: Fly out, F7 (Line Drive, 7)
|
Batting: RHB Louis Smith
|
0-0: Ball 1-0: Swinging Strike 1-1: Foul Ball, location: 2F 1-2: Ball 2-2: Strikes out swinging
|
Batting: RHB Von Ford
|
0-0: Ball 1-0: SOLO HOME RUN (Line Drive, 7D), Distance : 385 ft
|
Batting: RHB Juan Magdayao
|
0-0: Ball 1-0: Foul Ball, location: 2F 1-1: Called Strike 1-2: Strikes out swinging
|
Bottom of the 6th over - 1 run(s), 1 hit(s), 0 error(s), 0 left on base; Minnesota 4 - Reading 5 |
TOP OF THE 7TH |
Minnesota ManBearPigs batting - Pitching for Reading Rainbows : RHP Luis Silva
|
Batting: RHB Carlos López
|
0-0: Foul Ball, location: 2F 0-1: Foul Ball, location: 2F 0-2: Foul Ball, location: 2F 0-2: SINGLE (Groundball, 34D)
|
Batting: SHB Roberto Rivera
|
0-0: Ball 1-0: Bunted foul 1-1: Swinging Strike Carlos López is caught stealing 2nd base 1-2: Foul Ball, location: 2F 1-2: Ball 2-2: Foul Ball, location: 2F 2-2: DOUBLE (Line Drive, 89D)
|
Pinch Hitting: SHB William Hamilton
|
0-0: Called Strike 0-1: Swinging Strike 0-2: Strikes out swinging
|
Pinch Hitting: LHB Colm Massey
|
0-0: Ball 1-0: Foul Ball, location: 2F 1-1: Ball 2-1: Ground out 4-3 (Groundball, 4)
|
Top of the 7th over - 0 run(s), 2 hit(s), 0 error(s), 1 left on base; Minnesota 4 - Reading 5 |
BOTTOM OF THE 7TH |
Reading Rainbows batting - Pitching for Minnesota ManBearPigs : RHP Brad White
|
Now at 1B: Yasutoki Kojima
|
|
Now in RF: Colm Massey
|
|
Batting: LHB António Salazar
|
0-0: Ball 1-0: Fly out, F9 (Flyball, 9)
|
Batting: RHB Ethan Moore
|
0-0: Called Strike 0-1: Swinging Strike 0-2: Strikes out swinging
|
Batting: LHB Shane Lynch
|
0-0: Swinging Strike 0-1: Foul Ball, location: 2F 0-2: Strikes out swinging
|
Bottom of the 7th over - 0 run(s), 0 hit(s), 0 error(s), 0 left on base; Minnesota 4 - Reading 5 |
TOP OF THE 8TH |
Minnesota ManBearPigs batting - Pitching for Reading Rainbows : RHP Luis Silva
|
Now at SS: Tim Davis
|
|
Batting: RHB Irving Galloway
|
0-0: Swinging Strike 0-1: Ball 1-1: Swinging Strike 1-2: Ball 2-2: Ball 3-2: Foul Ball, location: 2F 3-2: Ground out 6-3 (Groundball, 6S)
|
Pitching: RHP Cory Powell
|
|
Batting: RHB Jeffrey Hicks
|
0-0: Swinging Strike 0-1: Swinging Strike 0-2: Ball 1-2: Strikes out swinging
|
Batting: RHB Ryosei Yamamoto
|
0-0: SINGLE (Line Drive, 4M)
|
Batting: RHB Chris Burrell
|
0-0: Ball 1-0: Called Strike 1-1: Ball 2-1: Ball 3-1: Swinging Strike 3-2: Foul Ball, location: 2F 3-2: Base on Balls Ryosei Yamamoto to second
|
Pinch Hitting: LHB Ramiro Muñóz
|
0-0: Foul Ball, location: 2F 0-1: Swinging Strike 0-2: Ball 1-2: Foul Ball, location: 2F 1-2: Fly out, F8 (Flyball, 8LM)
|
Top of the 8th over - 0 run(s), 1 hit(s), 0 error(s), 2 left on base; Minnesota 4 - Reading 5 |
BOTTOM OF THE 8TH |
Reading Rainbows batting - Pitching for Minnesota ManBearPigs : RHP Brad White
|
Now at 3B: Ramiro Muñóz
|
|
Batting: RHB Jeff Townsley
|
0-0: Swinging Strike 0-1: Swinging Strike 0-2: Foul Ball, location: 2F 0-2: Ball 1-2: Foul Ball, location: 2F 1-2: Strikes out swinging
|
Batting: LHB Víctor Peña
|
0-0: Ball 1-0: Ball 2-0: Ball 3-0: Base on Balls
|
Pinch Hitting: RHB Ron King
|
0-0: Swinging Strike 0-1: Ball 1-1: Swinging Strike 1-2: Ball 2-2: Strikes out swinging
|
Pitching: RHP Curt Howard
|
|
Batting: RHB Louis Smith
|
0-0: Called Strike Throwing error on steal attempt, E2 Víctor Peña to third 0-1: SINGLE (Line Drive, 89S) Víctor Peña scores
|
Batting: RHB Von Ford
|
0-0: Ball 1-0: Ball 2-0: Ball 3-0: Called Strike 3-1: Foul Ball, location: 2F 3-2: Foul Ball, location: 2F 3-2: Base on Balls Louis Smith to second
|
Batting: RHB Tim Davis
|
0-0: Ball 1-0: Called Strike 1-1: Foul Ball, location: 2F 1-2: Ball 2-2: Ball 3-2: Foul Ball, location: 2F 3-2: Base on Balls Louis Smith to third Von Ford to second
|
Batting: LHB António Salazar
|
0-0: Ball 1-0: Foul Ball, location: 2F 1-1: Foul Ball, location: 2F 1-2: Ball 2-2: Strikes out looking
|
Bottom of the 8th over - 1 run(s), 1 hit(s), 1 error(s), 3 left on base; Minnesota 4 - Reading 6 |
TOP OF THE 9TH |
Minnesota ManBearPigs batting - Pitching for Reading Rainbows : RHP Cory Powell
|
Now at 1B: Hubert Brown
|
|
Batting: RHB Carlos López
|
0-0: Foul Ball, location: 2F 0-1: Ball 1-1: Called Strike 1-2: Foul Ball, location: 2F 1-2: Foul Ball, location: 2F 1-2: Ground out U3 (Groundball, 34)
|
Batting: SHB Roberto Rivera
|
0-0: Swinging Strike 0-1: Called Strike 0-2: Foul Ball, location: 2F 0-2: SINGLE (Groundball, 34D)
|
Pinch Runner at 1st Ben Barker:
|
|
Pinch Hitting: RHB Ichizo Akiyama
|
0-0: Called Strike 0-1: Swinging Strike 0-2: Ball 1-2: SINGLE (Groundball, 34D) Ben Barker to second Runner from 2nd tries for 3rd, SAFE, no throw
|
Batting: LHB Colm Massey
|
0-0: Ball 1-0: Called Strike 1-1: Foul Ball, location: 2F 1-2: Grounds into double play, 6-4-3 (Groundball, 6)
|
Top of the 9th over - 0 run(s), 2 hit(s), 0 error(s), 1 left on base; Minnesota 4 - Reading 6 |
|